Map: Port Aleksander LE

Players

SKillous

  • Race: Protoss Protoss
  • Spawn Location: 11:00

GogojOey - Winner!

  • Race: Zerg Zerg
  • Spawn Location: 5:00

Event: 2019 WCS Spring

VOD

Have the link to the VOD?

Description

Time

  • Played on: May 17, 2019, 7:20 a.m.
  • Length: 14:27

All games in this series

Show
View Real Time Build Order
Export as new Build Order

SKillous Protoss 

Build Orders: Oracle Opening, Phoenix Opening, Archon Immortal, Archon Drop 

Get SALT Encoding   

  12  0:00  Probe  
  13  0:12  Probe  
  14  0:19  Pylon  
  14  0:24  Probe  
  15  0:33  Probe  
  15  0:39  Gateway  
  15  0:42  Probe  
  17  0:52  Probe  
  17  0:56  Assimilator  
  18  1:04  Probe  
  19  1:12  Forge  
  19  1:16  Probe  
  20  1:19  Pylon  
  20  1:30  Pylon  
  20  1:35  Pylon  
  20  1:45  Probe  
  21  1:54  Nexus, Probe  
  21  2:04  Cybernetics Core, Probe  
  22  2:12  Assimilator  
  22  2:15  Probe  
  23  2:22  Pylon  
  23  2:27  Probe  
  24  2:30  Adept  
  24  2:39  Probe  
  27  2:44  Stargate  
  28  2:51  Warp Gate, Probe  
  28  3:01  Adept  
  28  3:02  Probe  
  28  3:03  Probe  
  31  3:10  Probe  
  31  3:12  Probe  
  34  3:20  Probe x2  
  36  3:28  Phoenix  
  36  3:34  Probe  
  37  3:41  Probe  
  37  3:44  Pylon  
  37  3:46  Probe  
  39  3:53  Oracle, Probe  
  43  3:57  Robotics Facility  
  43  3:58  Probe  
  43  4:02  Assimilator  
  44  4:04  Assimilator  
  44  4:05  Probe  
  45  4:10  Probe  
  45  4:14  Twilight Council  
  46  4:17  Probe  
  46  4:24  Gateway x2  
  45  4:26  Gateway  
  45  4:27  Probe  
  45  4:29  Probe  
  47  4:37  Pylon, Warp Prism  
  47  4:40  Zealot  
  47  4:43  Pylon  
  49  4:49  Probe  
  49  4:51  Probe  
  53  5:03  Probe, Templar Archives  
  54  5:07  Adept  
  56  5:20  Probe  
  55  5:24  Shield Battery  
  55  5:30  Observer, Shield Battery  
  55  5:31  Probe  
  55  5:32  Shield Battery  
  57  5:36  Probe  
  58  5:43  Nexus, Probe  
  58  5:44  High Templar x3, Pylon  
  58  5:46  High Templar  
  58  5:48  Probe  
  67  5:50  Archon x2  
  67  5:55  Forge, Probe  
  68  5:58  Charge  
  68  6:00  Probe  
  68  6:01  Shield Battery  
  68  6:04  Shield Battery  
  69  6:08  Probe  
  69  6:13  Gateway  
  69  6:15  Gateway  
  69  6:17  Zealot x3  
  75  6:18  Immortal  
  69  6:44  Gateway  
  69  6:47  Gateway  
  69  6:48  Pylon x2  
  69  6:50  Pylon  
  69  6:57  Immortal  
  69  7:04  Pylon  
  73  7:14  Sentry x3  
  73  7:15  Sentry  
  77  7:22  Protoss Ground Weapons Level 1  
  77  7:29  Immortal  
  77  7:33  Zealot x2  
  81  7:37  Zealot x4  
  89  7:51  High Templar x2  
  89  7:55  Pylon  
  89  7:57  Archon  
  93  8:03  Zealot x3  
  93  8:04  Zealot  
  101  8:08  Pylon  
  101  8:09  Immortal  
  101  8:10  Pylon  
  101  8:11  Pylon  
  105  8:25  Nexus, Pylon  
  105  8:26  Pylon  
  99  8:37  Zealot x5  
  99  8:38  Zealot x3  
  113  8:42  Immortal  
  113  8:49  Probe x2  
  119  9:01  Probe  
  120  9:13  Probe x2  
  122  9:21  Immortal  
  118  9:33  Zealot x6  
  118  9:36  Protoss Ground Weapons Level 2  
  108  9:46  Robotics Bay  
  104  9:55  Assimilator  
  104  9:57  Immortal  
  104  9:59  Assimilator  
  104  10:04  Probe x2  
  104  10:16  Robotics Facility  
  100  10:28  Stalker  
  100  10:29  Stalker x2, Sentry x2  
  100  10:32  Shield Battery  
  100  10:34  Pylon  
  100  10:35  Disruptor  
  97  10:52  Disruptor  
  95  11:00  Zealot x7, Blink  
  95  11:01  Zealot, Disruptor  
  115  11:25  Stalker x7  
  125  11:26  Sentry  
  131  11:46  Sentry  
  131  11:47  Sentry  
  135  11:48  Sentry x2  
  135  11:49  Stalker x2  
  135  11:50  Stalker  
  135  11:51  Stalker  
  144  12:12  Zealot x3, Stalker  
  144  12:13  Sentry  
  151  12:26  Archon x2  
  103  12:48  Stalker x5  
  105  12:52  Stalker  
  99  13:10  Stalker x3  
  96  13:16  Sentry x3  
  96  13:18  Stalker  
  104  13:25  Sentry  
  88  13:41  Stalker x3  
  86  13:51  Observer  
  74  13:58  Stalker x3  
  70  14:04  Stalker  
  72  14:19  Sentry  
  72  14:20  Stalker, Sentry x2  
Show
View Real Time Build Order
Export as new Build Order

GogojOey Zerg - Winner!

Build Orders: Hatch First 

Get SALT Encoding   

  12  0:01  Drone  
  13  0:13  Overlord  
  13  0:18  Drone  
  14  0:31  Drone x2  
  14  0:35  Drone  
  17  0:53  Hatchery  
  17  0:56  Drone  
  17  0:59  Drone  
  18  1:10  Extractor  
  17  1:15  Spawning Pool  
  16  1:18  Drone  
  16  1:23  Drone  
  18  1:49  Drone  
  18  1:53  Drone x2  
  21  2:11  Hatchery  
  21  2:14  Drone  
  21  2:17  Drone  
  21  2:22  Drone  
  23  2:24  Drone  
  23  2:29  Drone  
  25  2:33  Overlord  
  25  2:41  Queen  
  27  2:44  Drone  
  27  2:49  Metabolic Boost  
  28  2:56  Queen  
  30  2:58  Drone  
  30  3:00  Drone  
  30  3:02  Drone  
  33  3:06  Zergling x4  
  33  3:09  Drone  
  36  3:14  Overlord  
  36  3:22  Queen  
  36  3:23  Drone x2  
  40  3:35  Drone x4  
  43  3:45  Zergling x2  
  43  3:48  Spore Crawler  
  43  3:50  Drone  
  43  3:51  Spore Crawler, Drone  
  45  3:55  Zergling x2  
  45  3:56  Spore Crawler  
  45  3:57  Queen  
  46  4:04  Overlord  
  46  4:05  Drone x2  
  46  4:07  Spore Crawler  
  47  4:10  Drone  
  47  4:12  Overlord  
  47  4:14  Overlord  
  49  4:19  Overlord  
  49  4:23  Spore Crawler  
  47  4:25  Overlord  
  47  4:28  Overlord  
  47  4:29  Lair  
  48  4:32  Overlord  
  48  4:33  Drone  
  48  4:35  Extractor  
  48  4:37  Drone  
  49  4:39  Extractor  
  49  4:43  Drone  
  49  4:44  Drone x3  
  49  4:45  Drone  
  53  4:46  Drone  
  54  4:53  Drone  
  54  4:57  Drone x3  
  54  4:58  Drone  
  59  5:08  Zergling x10  
  59  5:09  Zergling x2  
  63  5:14  Overlord  
  63  5:15  Drone x3  
  63  5:20  Overlord  
  66  5:21  Roach Warren  
  65  5:30  Overlord  
  65  5:34  Drone  
  66  5:36  Extractor, Drone x3  
  66  5:37  Drone  
  66  5:38  Spine Crawler  
  66  5:41  Drone  
  69  5:43  Drone x5  
  69  5:49  Overlord  
  72  5:57  Evolution Chamber  
  72  6:01  Glial Reconstitution  
  72  6:02  Roach  
  72  6:03  Roach x7  
  87  6:04  Extractor  
  87  6:05  Roach x2  
  87  6:08  Roach x2  
  87  6:10  Roach  
  96  6:15  Roach x2  
  100  6:19  Roach  
  100  6:20  Roach  
  102  6:30  Roach x4  
  102  6:32  Roach  
  104  6:40  Roach x3  
  104  6:45  Queen  
  112  6:47  Zerg Missile Weapons Level 1  
  112  6:50  Roach  
  114  6:55  Overlord x2  
  112  7:03  Overlord x2  
  112  7:08  Overlord  
  112  7:10  Overlord  
  112  7:13  Overseer  
  112  7:14  Overlord  
  111  7:17  Overlord, Drone x2  
  111  7:22  Overlord  
  113  7:23  Roach x4  
  113  7:25  Queen  
  113  7:29  Roach x4  
  131  7:31  Ravager  
  131  7:34  Roach x2  
  135  7:44  Drone  
  135  7:45  Roach x3, Drone  
  135  7:48  Roach x2  
  147  7:57  Roach x2  
  139  8:06  Overlord  
  139  8:07  Roach x2  
  143  8:14  Roach x4  
  143  8:18  Roach x5, Hydralisk Den  
  160  8:24  Overlord, Drone x2  
  160  8:38  Overlord  
  160  8:40  Roach x5  
  170  8:42  Zerg Missile Weapons Level 2  
  170  8:44  Roach x2  
  174  8:51  Ravager  
  174  8:52  Roach, Zergling x2  
  174  8:53  Overlord x2  
  178  8:57  Extractor  
  178  9:00  Overlord  
  177  9:04  Roach  
  177  9:05  Roach x3  
  177  9:06  Hatchery  
  184  9:11  Overlord  
  184  9:12  Roach x3  
  184  9:13  Roach x2  
  184  9:16  Roach  
  198  9:17  Roach  
  196  9:36  Drone  
  194  9:44  Roach  
  194  9:45  Roach x6  
  199  9:52  Overlord x2  
  197  9:53  Grooved Spines  
  197  9:56  Overlord x2  
  197  10:01  Overlord x2  
  197  10:12  Drone  
  196  10:17  Hydralisk  
  196  10:20  Hatchery  
  197  10:23  Overlord  
  197  10:29  Overlord  
  197  10:30  Hydralisk  
  197  10:35  Spire  
  190  10:49  Zergling x6  
  150  10:59  Queen  
  143  11:10  Zergling x4  
  143  11:11  Drone  
  143  11:12  Drone  
  143  11:13  Drone  
  136  11:28  Drone x2  
  136  11:31  Zerg Melee Weapons Level 1  
  138  11:37  Extractor  
  138  11:39  Overseer  
  137  11:40  Extractor  
  137  11:41  Overseer  
  137  11:43  Drone x3  
  137  11:44  Drone x3  
  142  11:47  Mutalisk x15, Zerg Flyer Weapons Level 1  
  142  11:49  Zergling x2  
  142  11:54  Mutalisk  
  173  11:55  Zergling x2  
  173  11:56  Zergling x2  
  173  11:59  Spine Crawler  
  173  12:00  Spine Crawler  
  175  12:01  Mutalisk  
  175  12:02  Spine Crawler  
  175  12:03  Spine Crawler  
  175  12:08  Mutalisk  
  173  12:10  Zergling x16  
  173  12:14  Mutalisk  
  183  12:18  Mutalisk  
  183  12:20  Zergling x4  
  159  12:34  Mutalisk  
  159  12:35  Mutalisk x2  
  135  12:37  Zergling x14  
  129  12:44  Mutalisk x2  
  129  12:46  Zergling x4  
  122  12:59  Mutalisk  
  122  13:00  Mutalisk x2  
  122  13:01  Zergling x2  
  122  13:02  Zergling x8  
  127  13:12  Mutalisk x3  
  123  13:14  Zergling x4  
  131  13:20  Mutalisk x2  
  131  13:24  Mutalisk  
  130  13:39  Mutalisk x3  
  121  13:45  Mutalisk  
  121  13:47  Zergling x16  
  122  13:55  Mutalisk x2  
  117  14:00  Mutalisk  
  117  14:02  Zergling x8  
  127  14:03  Zergling x4  
Tags
 
Add a new tag
Caveats
  • Supply blocks, unpowered buildings, or Contaminate may cause inaccurate times.
  • Supply counts are checked every 10 seconds.